 Dungeon Crawl Stone Soup version 0.18-a0-1372-gd644665 (webtiles) character file.

31 M4edhros the Insei (level 3, -3/26 HPs)
             Began as an Octopode Monk on Feb 21, 2016.
             Slain by a hound (6 damage)
             ... on level 4 of the Dungeon.
             The game lasted 00:03:09 (443 turns).

M4edhros the Insei (Octopode Monk)                   Turns: 443, Time: 00:03:09

Health: -3/26      AC:  1    Str: 10    XL:     3   Next: 22%
Magic:  3/3        EV: 10    Int: 12    God:
Gold:   2          SH:  6    Dex: 15    Spells: 0 memorised, 2 levels left

rFire  . . .     SeeInvis .       - Unarmed
rCold  . . .     Gourm    .     b - +0 shield
rNeg   . . .     Faith    .     (helmet restricted)
rPois  .         Spirit   .     (no amulet)
rElec  .         Dismiss  .     (no ring)
rCorr  .         Reflect  .     (no ring)
SustAt .         Harm     .     (no ring)
MR     .....                    (no ring)
Stlth  ++++......               (no ring)
                                (no ring)
                                (no ring)
                                (no ring)

@: not resistant to hostile enchantments, stealthy
A: almost no armour, amphibious, 8 rings, constrict 8, camouflage 1, gelatinous
body 1
a: no special abilities


You were on level 4 of the Dungeon.
You were not hungry.

You visited 1 branch of the dungeon, and saw 4 of its levels.

You collected 2 gold pieces.

Inventory:

Hand Weapons
 e - the +3 hunting sling of Hadifag {velocity, rElec rN+ Int+4}
   (You found it on level 4 of the Dungeon)

   Any stone fired from it inflicts extra damage.
   It affects your intelligence (+4).
   It insulates you from electricity.
   It protects you from negative energy.
Missiles
 g - 39 stones (quivered)
Armour
 b - a +0 shield (worn)
Scrolls
 d - a scroll of identify
 i - a scroll of noise
Comestibles
 a - 2 bread rations
 c - a beef jerky
 f - 2 slices of pizza


   Skills:
 - Level 3.0 Fighting
 + Level 0.0 Slings
 - Level 3.0 Dodging
 - Level 4.2 Stealth
 + Level 0.0 Shields
 + Level 4.4 Unarmed Combat


You had 2 spell levels left.
You didn't know any spells.

Dungeon Overview and Level Annotations

Branches:
Dungeon (4/15)
 Temple: D:4-7

Altars:


Innate Abilities, Weirdness & Mutations

You cannot wear most types of armour.
You are amphibious.
You can wear up to eight rings at the same time.
You can use your tentacles to constrict eight enemies at once.
Your skin changes colour to match your surroundings (Stealth).
Your rubbery body absorbs attacks (AC +1).


Message History

You are now empty-tentacled.
You closely miss the hound. Your grab misses the hound.
The hound is severely wounded.
The hound pauses to sniff the ground.
The hound bites you. The hound closely misses you.
You barely miss the hound. You grab the hound.
The hound is severely wounded.
You constrict the hound, but do no damage.
The hound misses you. The centaur skeleton hits you!
* * * LOW HITPOINT WARNING * * *
You aren't carrying any potions.
Read which item? (? for menu, Esc to quit)
Okay, then.
You aren't carrying any items that can be evoked.
Your shield prevents you from hitting the hound.
The hound is severely wounded.
You constrict the hound. The hound bites you but does no damage.
You block the centaur skeleton's attack.
The hound bites you.
You die...

### ## .######...
#..###. .........
#..#.. .......#
##.... ......#
#.^### . ##....#
#..# .(.###.....##
##..# #.(...Z....##
#..## #..(h@$....##
##..#
#.....####..###...##
#.....# ###.......#
#.##.## ##.#####..#
#. ## ### ##. #. .


You could see a hound and a centaur skeleton.

Vanquished Creatures
  An adder (D:2)
  3 orcs (D:3)
  3 giant cockroaches
  A goblin (D:1)
  4 hobgoblins
  2 kobolds
  2 giant newts
  A rat (D:2)
17 creatures vanquished.

Notes
Turn   | Place    | Note
--------------------------------------------------------------
     0 | D:1      | M4edhros the Octopode Monk began the quest for the Orb.
     0 | D:1      | Reached XP level 1. HP: 16/16 MP: 1/1
   134 | D:1      | Reached XP level 2. HP: 10/21 MP: 2/2
   323 | D:3      | Reached XP level 3. HP: 12/26 MP: 3/3
   369 | D:4      | Got a scorched hunting sling
   370 | D:4      | Identified the +3 hunting sling of Hadifag {velocity, rElec rN+ Int+4} (You found it on level 4 of the Dungeon)
   443 | D:4      | Slain by a hound

Vault maps used:
D:1:      dpeg_arrival_rooms_with_view
D:2:      first_bread, kennysheep_pointless_box, uniq_robin
D:3:      gammafunk_temple_overflow_forgotten
D:4:      nicolae_overflow_hidden_temple, portal_sewer_entry_b,
          small_statue_intersection, uniq_duvessa

Action                   || total
-------------------------++-------
Melee: Hunting sling     ||    11
       Unarmed           ||    26
 Fire: Hunting sling     ||     6
  Use: Scroll            ||     4
       Potion            ||     2
 Stab: Sleeping          ||     3
